Map: Ley Lines

Players

wootwoot - Winner!

  • Race: Terran Terran
  • League: Gold
  • Spawn Location: 1:00

Syab

  • Race: Protoss Protoss
  • League: Master
  • Spawn Location: 7:00

VOD

Have the link to the VOD?

Description

Time

  • Played on: April 21, 2025, 1:03 p.m.
  • Length: 2:52
Show
View Real Time Build Order
Export as new Build Order

wootwoot Terran - Winner!

Build Orders:  

Get SALT Encoding   

  12  0:00  SCV  
  13  0:12  SCV  
  14  0:17  Supply Depot  
  14  0:24  SCV  
  15  0:39  SCV  
  16  0:44  Barracks  
  16  0:55  Barracks  
  16  1:05  Barracks  
  16  1:15  Supply Depot  
  16  1:30  Marine  
  17  1:41  Marine  
  17  1:44  Barracks  
  18  1:50  Marine  
  18  1:52  Marine  
  20  2:01  Marine  
  20  2:08  Marine  
  21  2:10  Marine  
  23  2:21  Marine  
  24  2:26  Marine  
  24  2:28  Marine  
  26  2:33  Barracks  
Show
View Real Time Build Order
Export as new Build Order

Syab Protoss 

Build Orders:  

Get SALT Encoding   

  12  0:10  Probe  
  12  0:11  Pylon  
  13  0:18  Probe  
  13  0:28  Probe  
  15  0:38  Forge  
  15  0:54  Pylon  
  15  0:58  Probe  
  16  1:12  Photon Cannon  
  16  1:15  Photon Cannon  
  16  1:41  Probe  
  17  1:49  Nexus, Probe  
  18  1:58  Probe  
  19  2:02  Photon Cannon  
  19  2:07  Probe  
  19  2:15  Probe  
  20  2:24  Pylon  
  20  2:25  Probe  
  21  2:36  Gateway  
  22  2:37  Probe  
  22  2:38  Photon Cannon  
  22  2:43  Photon Cannon  
Tags
 
Matchup
PvT
Replay Pack
#1B2M-Replays
Spawn Locations
Cross Positions
Add a new tag
Caveats
  • Supply blocks, unpowered buildings, or Contaminate may cause inaccurate times.
  • Supply counts are checked every 10 seconds.